 Dungeon Crawl Stone Soup version 0.31-a0-1206-g41278d8d1d (webtiles) character file.

Game seed: 1025004645183614988

51 ytrimaz the Shield-Bearer (level 4, -1/52 HPs)
             Began as a Formicid Fighter on Dec 13, 2023.
             Slain by a goblin
             ... wielding a +0 club
             ... led by Robin
              (4 damage)
             ... on level 2 of the Dungeon.
             The game lasted 00:01:10 (1140 turns).

ytrimaz the Shield-Bearer (Formicid Fighter)        Turns: 1140, Time: 00:01:11

Health: -1/52      AC: 22    Str: 21    XL:     4   Next: 5%
Magic:  4/4        EV:  2    Int:  7    God:
Gold:   60         SH:  5    Dex: 15    Spells: 3/3 levels left

rFire   . . .        a - +0 war axe
rCold   . . .        c - +0 buckler
rNeg    . . .        b - melded +0 scale mail
rPois   +            (helmet unavailable)
rElec   .            (cloak currently unavailable)
rCorr   .            (gloves currently unavailable)
SInv    .            (boots currently unavailable)
Will    .....        (no amulet)
Stlth   +            (no ring)
HPRegen 0.28/turn    (no ring)
MPRegen 0.09/turn

%: no passive effects
@: mighty, tree-form, attractive
A: stationary, stasis, torment immunity, boosted hp, permanent stasis, dig
shafts and tunnels, (antennae 3), four strong arms
a: no special abilities


You were on level 2 of the Dungeon.
You were a tree.
You visited 1 branch of the dungeon, and saw 2 of its levels.

You collected 60 gold pieces.


Innate Abilities, Weirdness & Mutations

You are a tree.
Your roots penetrate the ground, keeping you stationary.
You cannot be teleported.
You are immune to unholy pain and torment.
Your maximum health is greatly increased.
Your equipment is partially melded.
You cannot be hasted, slowed, berserked, paralysed or teleported.
You can dig through walls and to a lower floor.
((You have a pair of large antennae on your head. (SInv)))
Your four strong arms can wield two-handed weapons with a shield.


   Skills:
 - Level 3.2 Fighting
 * Level 3.4 Axes
 - Level 3.2 Armour
 + Level 4.8 Shields


You had 3 spell levels left.
You didn't know any spells.
Your spell library contained the following spells:

 Spells                   Type           Power      Damage    Failure   Level
 Wereblood                Tmut           0%         N/A       63%         2
 Dazzling Flash           Conj/Hex       0%         N/A       86%         3
 Volatile Blastmotes      Fire/Tloc      0%         2d10      86%         3
 Irradiate                Conj/Tmut      0%         3d11      100%        5
 Starburst                Conj/Fire      0%         6d3       100%        6
 Maxwell's Capacitive Co  Air            0%         โˆž       100%        8

Inventory:

Hand Weapons
 a - a +0 war axe (weapon)
Armour
 b - a +0 scale mail (melded)
 c - a +0 buckler (worn)
Scrolls
 e - 6 scrolls of identify {unknown}
Potions
 d - a potion of might
 g - a potion of enlightenment {unknown}

Dungeon Overview and Level Annotations

Branches:
Dungeon (2/15) Zot: 10817

Altars:

Shops:
D:1 ?   D:2 [[

Annotations:
D:2 Robin

...)...##.### #.#
...<...##...#####.#
..#................
..#....####.######.
..##.8.####.# .
...#.....##.#
...8.โˆฉ.8.##.######
...#.<#####....g)#
#..#.8# ######โ™ฃ#
#..#..# #g# ...#.##
#g# #. .ยง., #. #..,
#. #..., #... ##...


You could see Robin, a hobgoblin and a goblin (strong).


Message History

Robin shouts!
The hobgoblin shouts! x3; The goblin shouts!
A goblin comes into view. It is wielding a +0 club. x2
Robin roars a battlecry!
The goblins go into a battle-frenzy!
The goblin shouts!
You hear a shout!
A hobgoblin comes into view.
The hobgoblin shouts!
The goblin shouts!
A goblin comes into view. It is wielding a +0 club.
The hobgoblin hits you. Robin throws the goblin at you!
The goblin shouts!
You hit the hobgoblin but do no damage. You hit the goblin but do no damage.
A hobgoblin comes into view.
You block the goblin's attack. Robin throws the goblin at you!
A goblin comes into view. It is wielding a +0 club.
The goblin barely misses you. The hobgoblin hits you.
The goblin hits you but does no damage. You block the goblin's attack.
The hobgoblin hits you.
A goblin comes into view.
It is wielding a +0 dagger. ๐Ÿ˜ฎ HP[-10]
You take 10 damage, and now have 19/29 hp.
MASSIVE DAMAGE!! (PAUSE)
You slash the hobgoblin!
You kill the hobgoblin!
You barely miss the goblin. You hit the goblin.
You kill the goblin!
The goblin hits you with a +0 club.
* * * LOW HITPOINT WARNING * * *
A hobgoblin comes into view.
You are too injured to fight recklessly! ๐Ÿ˜จ HP[-5]
You take 5 damage, and now have 14/29 hp.
Unknown command.
You feel very mighty all of a sudden.
The hobgoblin shouts!
The goblin hits you but does no damage. Robin throws the goblin at you!
The hobgoblin barely misses you.
Unknown command.
You slash the hobgoblin!
You kill the hobgoblin!
You barely miss the goblin. x2; The goblin hits you with a +0 club.
* * * LOW HITPOINT WARNING * * *
The goblin closely misses you. The goblin hits you but does no damage.
The goblin barely misses you. The hobgoblin hits you.
* * * LOW HITPOINT WARNING * * *
๐Ÿ˜จ HP[-3]
You take 3 damage, and now have 11/29 hp.
You closely miss the hobgoblin. You slash the goblin!
You kill the goblin!
You slash the goblin!
You kill the goblin!
Robin throws the goblin at you! The goblin closely misses you.
The hobgoblin barely misses you.
Unknown command.
You slash the hobgoblin!
You kill the hobgoblin!
You slash the goblin!
You kill the goblin!
Unknown command.
You slash the hobgoblin!
You kill the hobgoblin!
Robin throws the goblin at you! You block the goblin's attack.
The goblin hits you with a +0 club.
* * * LOW HITPOINT WARNING * * *
You block the hobgoblin's attack. Robin throws the goblin at you!
The goblin hits you with a +0 dagger.
* * * LOW HITPOINT WARNING * * *
You have reached level 4!
You feel stronger. ๐Ÿ˜ฑ HP[-7] MP[+1]
You now have 35 max hp (+6).
You take 7 damage, and now have 4/35 hp.
Your mp is fully restored (4).
It was a potion of attraction.
You feel attractive to monsters. The goblin barely misses you.
The goblin hits you with a +0 dagger.
* * * LOW HITPOINT WARNING * * *
You block the hobgoblin's attack. ๐Ÿ˜ฑ HP[-2]
You take 2 damage, and now have 2/35 hp.
It was a potion of lignification.
You turn into a tree.
Your +0 scale mail melds into your body.
Your roots penetrate the ground.
The goblin no longer looks unusually strong.
The goblin hits you but does no damage.
The hobgoblin hits you but does no damage.
You block the goblin's attack. ๐Ÿ˜ฑ HP[+1]
You now have 52 max hp (+17).
You hit the hobgoblin.
You kill the hobgoblin!
You barely miss the goblin. You slash the goblin!
You kill the goblin!
The goblin hits you but does no damage. The hobgoblin is attracted toward you.
You barely miss Robin. You hit the goblin.
The goblin hits you but does no damage. Robin hits you with a +0 dagger.
* * * LOW HITPOINT WARNING * * *
You hit Robin. You barely miss the goblin.
The hobgoblin no longer looks unusually strong.
The goblin hits you with a +0 club.
You die...

Skill      XL: |  1  2  3 |
---------------+----------+-----
Axes           | 3 |  3.4
Fighting       | |  3.2
Armour         | |  3.2
Shields        | |  4.8

Action                     |  1- 3 |  4- 6 || total
---------------------------+-------+-------++-------
  Melee: War axe           |    95 |     3 ||    98
    Use: Potion            |     1 |     2 ||     3
 Armour: Scale mail        |    89 |     1 ||    90
         Skin              |       |     6 ||     6
  Dodge: Dodged            |    52 |     1 ||    53
  Block: Buckler           |    24 |     2 ||    26

Levels and vault maps discovered:
D:1:      evilmike_arrival_crescent, layout_loops_corners, serial_shops,
          nicolae_diamond_shop, st_stairs_8, minmay_pentomino_s2
D:2:      layout_loops_ring, serial_shops, nicolae_shop_statue_plus,
          nicolae_shop_overgrown_old_shop, shop, nicolae_shop_window_shopping,
          uniq_robin

Notes
Turn   | Place    | Note
-------+----------+-------------------------------------------
     0 | D:1      | ytrimaz the Formicid Fighter began the quest for the Orb.
     0 | D:1      | Reached XP level 1. HP: 18/18 MP: 1/1
     0 | D:1      | magus.rc [v1.9.6]
   143 | D:1      | Reached XP level 2. HP: 15/24 MP: 2/2
   287 | D:1      | You pick up a book of Spectacle and begin reading...
   287 | D:1      | You add the spells Volatile Blastmotes, Dazzling Flash,
                  | Starburst and Maxwell's Capacitive Coupling to your
                  | library.
   294 | D:1      | Found Piudur's Magic Scroll Emporium.
   654 | D:1      | You pick up a book of Changes and begin reading...
   654 | D:1      | You add the spells Wereblood and Irradiate to your library.
   717 | D:1      | Reached XP level 3. HP: 25/29 MP: 3/3
   870 | D:1      | Reached skill level 3 in Axes
   959 | D:2      | Found Nipt's Antique Armour Shop.
  1018 | D:2      | Found Mefot's Antique Armour Boutique.
  1127 | D:2      | Noticed Robin
  1135 | D:2      | HP: 4/29 [goblin/+0 dagger[Robin] (4)]
  1136 | D:2      | Reached XP level 4. HP: 4/35 MP: 4/4
  1140 | D:2      | Slain by a goblin

Vanquished Creatures
  An adder (D:2)
  A dart slug (D:2)
  4 endoplasms (D:1)
  9 goblins
  7 hobgoblins
  4 ball pythons
  5 bats
  3 kobolds
  2 rats (D:1)
36 creatures vanquished.

Table legend:
 A = Non-vault XP
 B = Vault XP
 C = Vault XP percentage of total XP
 D = Non-vault monster count
 E = Vault monster count
 F = Vault count percentage of total count
                 A         B        C        D         E       F
            +---------+---------+-------+---------+---------+-------
      Total |      52 |      21 |  28.8 |      24 |      12 |  33.3
            +---------+---------+-------+---------+---------+-------
        D:1 |      29 |       4 |  12.1 |      18 |       3 |  14.3
        D:2 |      23 |      17 |  42.5 |       6 |       9 |  60.0
            +---------+---------+-------+---------+---------+-------

Skill      XL: |  1  2  3 |
---------------+----------+-----
Axes           | 3 |  3.4
Fighting       | |  3.2
Armour         | |  3.2
Shields        | |  4.8

Action                     |  1- 3 |  4- 6 || total
---------------------------+-------+-------++-------
  Melee: War axe           |    95 |     3 ||    98
    Use: Potion            |     1 |     2 ||     3
 Armour: Scale mail        |    89 |     1 ||    90
         Skin              |       |     6 ||     6
  Dodge: Dodged            |    52 |     1 ||    53
  Block: Buckler           |    24 |     2 ||    26

Illustrated notes

Table legend:
 A = Kills in this place as a percentage of kills in the entire game.
 B = Kills by you in this place as a percentage of kills by you in the entire game.
 C = Kills by friends in this place as a percentage of kills by friends in the entire game.
 D = Other kills in this place as a percentage of other kills in the entire game.
 E = Experience gained in this place as a percentage of experience gained in the entire game.
 F = Experience gained in this place divided by the number of levels of this place that you have seen.
                   A       B       C       D       E      F
               +-------+-------+-------+-------+-------+----------------------
         Total | 100.0 | 100.0 |   N/A |   N/A | 100.0 |  36.5
       Dungeon | 100.0 | 100.0 |   N/A |   N/A | 100.0 |  36.5
               +-------+-------+-------+-------+-------+----------------------

Table legend: (Time is in decaauts)
 A = Elapsed time spent in this place.
 B = Non-inter-level travel time spent in this place.
 C = Inter-level travel time spent in this place.
 D = Time resting spent in this place.
 E = Time spent auto-exploring this place.
 F = Levels seen in this place.
 G = Mean time per level.
                   A        B        C        D        E       F      G
               +--------+--------+--------+--------+--------+-----+--------+
         Total |   1181 |   1169 |     12 |      0 |    931 |   2 |  590.5 |
       Dungeon |   1181 |   1169 |     12 |      0 |    931 |   2 |  590.5 |
               +--------+--------+--------+--------+--------+-----+--------+

Top non-repeatable levels by time:
     D:1: 980 daAuts
     D:2: 200 daAuts
